 Dungeon Crawl Stone Soup version 0.26-a0-665-gefeb406119 (webtiles) character file.

Game seed: 3403005792575539731

388 Froggeryz the Cudgeler (level 6, -5/47 HPs)
             Began as a Mummy Chaos Knight on Oct 15, 2020.
             Was a Plaything of Xom.
             Killed by divine providence
             ... invoked by an orc priest
              (15 damage)
             ... on level 4 of the Dungeon.
             The game lasted 00:04:43 (4489 turns).

Froggeryz the Cudgeler (Mummy Chaos Knight)         Turns: 4489, Time: 00:04:43

Health: -5/47      AC:  6    Str: 17    XL:     6   Next: 49%
Magic:  6/6        EV: 11    Int: 12    God:    Xom [.....*]
Gold:   226        SH:  0    Dex: 11    Spells: 5/5 levels left

rFire    x . .     SeeInvis .   j - +0 mace
rCold    + . .     Faith    .   (no shield)
rNeg     + + +     Spirit   .   b - +2 leather armour
rPois    ∞         Reflect  .   (no helmet)
rElec    .         Harm     .   n - +0 cloak
rCorr    .         Rampage  .   (no gloves)
MR       .....                  (no boots)
Stlth    +.........             (no amulet)
HPRegen  0.15/turn              (no ring)
MPRegen  0.10/turn              (no ring)

@: no status effects
A: no potions, fire vulnerability, cold resistance 1, negative energy resistance
3, torment resistance, unbreathing
a: Renounce Religion


You were on level 4 of the Dungeon.
You worshipped Xom.
You were Xom's teddy bear.
You visited 1 branch of the dungeon, and saw 4 of its levels.

You collected 226 gold pieces.

Inventory:

Hand Weapons
 a - a +0 mace of chaos
 j - a +0 mace (weapon)
 m - a +0 morningstar
Missiles
 g - 24 poisoned darts (quivered)
Armour
 b - a +2 leather armour (worn)
 k - a +0 kite shield
 n - a +0 cloak (worn)
Wands
 i - a wand of flame (13)
Scrolls
 c - 2 scrolls of identify
 d - a scroll of fog
 l - a scroll of immolation {unknown}
 o - 4 scrolls of magic mapping


   Skills:
 + Level 3.1 Fighting
 * Level 5.2 Maces & Flails
 - Level 3.4 Armour
 - Level 0.7 Dodging


You had 5 spell levels left.
You didn't know any spells.
Your spell library contained the following spells:

 Spells                   Type           Power        Failure   Level
 Magic Dart               Conj           #...         36%         1
 Blink                    Tloc           N/A          52%         2
 Call Imp                 Summ           #.......     52%         2
 Slow                     Hex            #.......     52%         2
 Conjure Flame            Conj/Fire      #.......     75%         3
 Mephitic Cloud           Conj/Pois/Air  #.......     75%         3


Dungeon Overview and Level Annotations

Branches:
Dungeon (4/15)
 Temple: D:4-7

Altars:
Dithmenos
Elyvilon
Okawaru
Qazlal
Ru
Xom


Innate Abilities, Weirdness & Mutations

You do not drink.
Your flesh is vulnerable to fire.
You are immune to poison.
Your flesh is cold resistant. (rC+)
You are immune to negative energy. (rN+++)
You are immune to unholy pain and torment.
You can survive without breathing.


Message History

The orc wizard barely misses you.
The orc wizard points at you and mumbles some strange words.
The magic dart hits you.
* * * LOW HITPOINT WARNING * * *
As you read the scroll labeled MYKLUC PASE, it crumbles to dust.
You feel blessed for a moment.
It was a scroll of remove curse.
Xom is mildly amused.
Xom titters.
The orc wizard looks rather confused.
The orc wizard closely misses you.
You hit the orc wizard but do no damage.
The orc wizard is heavily wounded.
The orc wizard hits you but does no damage.
You sock the orc wizard!
You kill the orc wizard!
As you read the scroll labeled DIFUHO ZUT OWN, it crumbles to dust.
You hear a loud clanging noise!
It was a scroll of noise.
The orc priest calls down the wrath of Beogh upon you.
Beogh smites you!
You die...
Xom titters!

#* #.# #.#
****#.# #.#
,,,,..#
###.########****
****###
#...........,,,*
*
#.#.########,***
***
#.#.......#*,*
,,*
#.#######.#*,*
<,*
#.#######,**,*
,,*
**#...@.w_#,**,*
,,*
*>#######o#,**,*
,,* *,* #)#,**,*
*** *,* #w#,**,*
,* *,* #_#,**,*
,* *,* #o#,**,*
,* ***+***
#.#,**,* ,*
*,,,,,* #.#,**,*
,********,,,,,*
#.#,**,*


You could see a worm and an orc priest.

Vanquished Creatures
  An ogre (D:4)
  An orc priest (D:3)
  An orc wizard (D:4)
  3 adders
  A river rat (D:4)
  3 oozes
  4 worms
  2 dart slugs
  A leopard gecko (D:3)
  12 orcs
  9 bats
  4 giant cockroaches
  8 goblins
  6 hobgoblins
  7 jackals
  7 kobolds
  2 quokkas
  3 ball pythons
  3 frilled lizards
  A quokka skeleton (D:4)
  7 rats
86 creatures vanquished.

Vanquished Creatures (collateral kills)
  An ogre (D:4)
  An orc wizard (D:3)
  4 jackals (D:4)
6 creatures vanquished.

Grand Total: 92 creatures vanquished

Notes
Turn   | Place    | Note
-------+----------+-------------------------------------------
     0 | D:1      | Froggeryz the Mummy Chaos Knight began the quest for the
                  | Orb.
     0 | D:1      | Reached XP level 1. HP: 18/18 MP: 1/1
    77 | D:1      | Noticed a troll
    80 | D:1      | Reached XP level 2. HP: 22/24 MP: 2/2
   246 | D:1      | XOM: silly message
   255 | D:1      | XOM: cloud trail
   338 | D:1      | XOM: silly message
   371 | D:1      | Reached skill level 3 in Maces & Flails
   895 | D:1      | Reached XP level 3. HP: 29/29 MP: 3/3
  1374 | D:2      | Found a faded altar of an unknown god.
  1621 | D:2      | XOM: noise
  2156 | D:3      | XOM: butterfly on damage
  2165 | D:3      | Reached XP level 4. HP: 16/35 MP: 4/4
  2273 | D:2      | XOM: summons 3 hostile demons
  2342 | D:3      | XOM: summons 1 hostile demon
  2469 | D:3      | XOM: confusion (+ monsters)
  2472 | D:3      | XOM: potion effect (haste)
  2700 | D:3      | XOM: cast spell 'Call Canine Familiar'
  2706 | D:3      | Reached skill level 4 in Maces & Flails
  2733 | D:3      | XOM: silly message
  3018 | D:3      | Reached XP level 5. HP: 40/41 MP: 5/5
  3170 | D:3      | Found a shadowy altar of Dithmenos.
  3170 | D:3      | Found a stormy altar of Qazlal.
  3189 | D:3      | Found a white marble altar of Elyvilon.
  3190 | D:3      | Found a sacrificial altar of Ru.
  3193 | D:3      | Found an iron altar of Okawaru.
  3973 | D:4      | XOM: polymorph adder -> river rat
  4054 | D:4      | Noticed an ogre
  4071 | D:4      | Killed an ogre
  4192 | D:4      | Reached XP level 6. HP: 47/47 MP: 6/6
  4419 | D:4      | Found a sacrificial altar of Ru.
  4424 | D:4      | Reached skill level 5 in Maces & Flails
  4470 | D:4      | XOM: scenery: create altars
  4485 | D:4      | XOM: confuse monster(s)
  4489 | D:4      | Killed from afar by an orc priest

Illustrated notes

Levels and vault maps discovered:
D:1:      erik_arrival_cave_to_civilisation [erik_arrival_cave_to_temple],
          layout_loops_ring
D:2:      layout_basic, chequers_ecumenical_altar_simple_redux,
          nrook_loot_triangle
D:3:      layout_rooms, minitemple
D:4:      lemuel_upstairs_altar, layout_basic, nicolae_ru_awakened_eye,
          uniq_robin

Skill      XL: |  1  2  3  4  5  6 |
---------------+-------------------+-----
Armour         | 2 3 |  3.4
Maces & Flails | 3 4 5 |  5.2
Fighting       | |  3.1
Dodging        | |  0.7

Action                   |  1- 3 |  4- 6 || total
-------------------------+-------+-------++-------
Melee: Mace              |   124 |   197 ||   321
Throw: Dart              |       |     5 ||     5
  Use: Scroll            |     1 |     4 ||     5
 Stab: Petrifying        |     1 |       ||     1
Armor: Leather armour    |    40 |    71 ||   111
Dodge: Dodged            |    64 |   120 ||   184

Table legend: (Time is in decaauts)
 A = Elapsed time spent in this place.
 B = Non-inter-level travel time spent in this place.
 C = Inter-level travel time spent in this place.
 D = Time resting spent in this place.
 E = Time spent auto-exploring this place.
 F = Levels seen in this place.
 G = Mean time per level.
                   A        B        C        D        E       F      G
               +--------+--------+--------+--------+--------+-----+--------+
         Total |   4544 |   4314 |    230 |   1158 |   2462 |   4 | 1136.0 |
       Dungeon |   4544 |   4314 |    230 |   1158 |   2462 |   4 | 1136.0 |
               +--------+--------+--------+--------+--------+-----+--------+

Top non-repeatable levels by time:
     D:1: 1294 daAuts
     D:2: 1147 daAuts
     D:3: 1054 daAuts
     D:4: 1047 daAuts
